AoeStats
← MattAtArms

Arabia

518435526Analyzed
1v1 RM · 3d ago on Nov 3, 2026· 24m 48s· 2 players
Game mode
Random Map
Map size
Tiny (2 player)
Population
200
Speed
Normal
Resources
Standard
Victory
Conquest
Starting age
Dark Age
Ending age
Imperial Age
RankedLock teamsTeams togetherTeam positionsShared explorationLock speedFull tech treeHidden civsTurbo modeCheats
Victory
Defeat
🇬🇧 Tatars · United Kingdom
1974
+10
vs
🇦🇷 Wei · Argentina
1835
-10
CORP_D1eg0
6:48 Loom
8:59 Feudal Age
10:28 Man-at-Arms
18:11 Padded Archer Armor
18:58 Horse Collar
19:03 Double-Bit Axe
20:58 Fletching
25:20 Castle Age
MattAtArms
9:26 Loom
11:50 Feudal Age
11:51 Man-at-Arms
12:17 Double-Bit Axe
13:07 Horse Collar
17:37 Fletching
22:52 Castle Age
21:08 Gold Mining
21:41 Padded Archer Armor
22:52 Crossbowman
23:29 Bodkin Arrow
23:45 Bow Saw
25:28 Ballistics
Connection lost

Rejoining the realm…

Still unreachable

The connection could not be restored.

Session expired

The server has moved on; the page needs a fresh start.